AoeStats
← muhaliefr06

Arena

510940572Analyzed
4v4 RM · 19h ago on Oct 3, 2026· 14m 58s· 8 players
Game mode
Random Map
Map size
Large (8 player)
Population
200
Speed
Normal
Resources
Standard
Victory
Conquest
Starting age
Dark Age
Ending age
Imperial Age
RankedLock teamsTeams togetherTeam positionsShared explorationLock speedFull tech treeHidden civsTurbo modeCheats
Victory
Defeat
🇦🇷 Gurjaras · Argentina
1057
+14
🇨🇴 Mongols · Colombia
1053
+14
🇵🇪 Armenians · Peru
1025
+15
🇦🇷 Huns · Argentina
1011
+22
🇳🇱 Slavs · Netherlands
1032
-15
🇨🇳 Bohemians · China
1013
-15
🇨🇳 Danes · China
1005
-15
🇮🇩 Persians · Indonesia
990
-14
Amega352
12:00 Feudal Age
13:19 Double-Bit Axe
flamerenano
10:58 Feudal Age
15:30 Castle Age
13:30 Double-Bit Axe
13:44 Horse Collar
+ ..dotavio ..+
2:46 Loom
11:39 Feudal Age
16:50 Castle Age
papelito04
10:31 Feudal Age
14:38 Castle Age
13:31 Double-Bit Axe
BlandToaster625
10:34 Feudal Age
muhaliefr06
开局一片田
10:22 Feudal Age
K12580
11:05 Feudal Age
14:52 Castle Age
Connection lost

Rejoining the realm…

Still unreachable

The connection could not be restored.

Session expired

The server has moved on; the page needs a fresh start.